 Dungeon Crawl Stone Soup version 0.24.0-1-gfbc8707 (webtiles) character file.

Game seed: 6529127433583941297, levelgen mode: deterministic

198 shmeve the Shield-Bearer (level 5, -2/46 HPs)
             Began as a Minotaur Berserker on Nov 5, 2019.
             Was a Believer of Trog.
             Slain by a gnoll
             ... wielding a +0 halberd
              (12 damage)
             ... on level 2 of the Dungeon.
             The game lasted 00:01:59 (1247 turns).

shmeve the Shield-Bearer (Minotaur Berserker)       Turns: 1247, Time: 00:02:00

Health: -2/46      AC:  2    Str: 21    XL:     5   Next: 47%
Magic:  4/4        EV: 12    Int:  5    God:    Trog [**....]
Gold:   29         SH:  5    Dex: 10    Spells: 4/4 levels left

rFire    . . .     SeeInvis .   a - +0 hand axe
rCold    . . .     Gourm    .   i - +0 buckler
rNeg     . . .     Faith    .   b - +0 animal skin
rPois    .         Spirit   .   (helmet restricted)
rElec    .         Reflect  .   (no cloak)
rCorr    .         Harm     .   (no gloves)
MR       ++...                  (no boots)
Stlth    +.........             (no amulet)
HPRegen  1.15/turn              (no ring)
MPRegen  0.09/turn              (no ring)

@: berserk cooldown, regenerating
A: retaliatory headbutt, horns 2
a: Berserk, Trog's Hand, Renounce Religion


You were on level 2 of the Dungeon.
You worshipped Trog.
Trog was pleased with you.
You were hungry.

You visited 1 branch of the dungeon, and saw 2 of its levels.

You collected 29 gold pieces.

Inventory:

Hand Weapons
 a - a +0 hand axe (weapon)
Missiles
 l - 2 javelins (quivered)
Armour
 b - a +0 animal skin (worn)
 i - a +0 buckler (worn)
Jewellery
 g - an uncursed ring of magical power {unknown}
Scrolls
 e - a scroll of identify {unknown}
 h - 4 scrolls of remove curse {unknown}
 k - a scroll of magic mapping {unknown}
Potions
 d - 2 potions of curing {unknown}
 j - a potion of flight {unknown}
Comestibles
 c - a ration
 f - 4 chunks of flesh


   Skills:
 * Level 4.0 Fighting
 * Level 4.0 Axes
 + Level 0.6 Throwing
 + Level 2.7 Armour
 + Level 2.3 Dodging
 * Level 5.5 Shields


You had 4 spell levels left.
You didn't know any spells.
Your spell library was empty.

Dungeon Overview and Level Annotations

Branches:
Dungeon (2/15)

Altars:


Innate Abilities, Weirdness & Mutations

You reflexively headbutt those who attack you in melee.
You have a pair of horns on your head.


Message History

The goblin closely misses you.
You hit the goblin.
The goblin is severely wounded.
You hit the gnoll.
You feel yourself speed up. The gnoll barely misses you.
The gnoll drinks a potion.
The gnoll seems to speed up.
The gnoll hits you from afar with a +0 spear.
The goblin closely misses you.
The gnoll hits you from afar with a +0 spear.
You block the gnoll's attack.
Your skin crawls.
You feel resistant to hostile enchantments.
You are feeling hungry.
The goblin hits you with a +0 dagger.
* * * LOW HITPOINT WARNING * * *
The gnoll hits you from afar with a +0 spear.
* * * LOW HITPOINT WARNING * * *
The gnoll hits you with a +0 halberd!
You die...

######..........##.....
#..........##.....
#..........##.....
#..........#######
####.รท........#######
#.................)..
#....................
#............).......
#...@######..........
#.ggg# #..........
#...g# ###########
#...g# #....# #....#
#....# #....#


You could see 4 gnolls and a goblin.

Vanquished Creatures
  Sigmund (D:2)
  An adder (D:2)
  An ooze (D:2)
  2 dart slugs (D:1)
  A leopard gecko (D:1)
  6 goblins
  2 hobgoblins
  4 jackals (D:1)
  4 bats (D:1)
  A frilled lizard (D:1)
  5 kobolds (D:1)
  2 rats
30 creatures vanquished.

Notes
Turn   | Place    | Note
-------+----------+-------------------------------------------
     0 | D:1      | shmeve the Minotaur Berserker began the quest for the Orb.
     0 | D:1      | Reached XP level 1. HP: 19/19 MP: 0/0
   150 | D:1      | Reached XP level 2. HP: 23/27 MP: 1/1
   390 | D:1      | Reached skill level 1 in Shields
   865 | D:1      | Reached XP level 3. HP: 33/33 MP: 2/2
  1195 | D:2      | Reached skill level 2 in Shields
  1210 | D:2      | Noticed Sigmund
  1216 | D:2      | Reached ** piety under Trog
  1220 | D:2      | Killed Sigmund
  1220 | D:2      | Reached skill level 5 in Shields
  1220 | D:2      | Reached XP level 4. HP: 40/40 MP: 3/3
  1220 | D:2      | Reached XP level 5. HP: 46/46 MP: 4/4
  1247 | D:2      | Slain by a gnoll

Levels and vault maps discovered:
D:1:      dpeg_arrival_chase, layout_loops_ring, minmay_fountain_box
D:2:      layout_basic, st_stairs_6, uniq_sigmund

Skill      XL: |  1  2  3 |
---------------+----------+-----
Fighting       | 4 |  4.0
Axes           | 4 |  4.0
Shields        | 1 5 |  5.5
Throwing       | |  0.6
Armour         | |  2.7
Dodging        | |  2.3

Action                   |  1- 3 |  4- 6 || total
-------------------------+-------+-------++-------
Melee: Hand axe          |    59 |     3 ||    62
       Headbutt          |    10 |     1 ||    11
Invok: Berserk           |     1 |       ||     1
       Trog's Hand       |       |     1 ||     1
  Eat: Chunk             |     1 |     1 ||     2
Armor: Animal skin       |    10 |       ||    10
Dodge: Dodged            |    46 |     5 ||    51
Block: Buckler           |     4 |     2 ||     6
